 Dungeon Crawl Stone Soup version 0.30-a0-860-g512cf1e979 (webtiles) character file.

Game seed: 2195170108516403112

20377 112233 the Tainter (level 12, -3/117 HPs)
             Began as a Naga Venom Mage on Mar 8, 2023.
             Was an Initiate of Gozag.
             Slain by a vampire mosquito (8 damage)
             ... on level 10 of the Dungeon.
             The game lasted 00:38:08 (15623 turns).

112233 the Tainter (Naga Venom Mage)               Turns: 15623, Time: 00:38:10

Health: -3/117     AC: 11    Str: 12    XL:     12   Next: 78%
Magic:  35/35      EV: 13    Int: 25    God:    Gozag
Gold:   153        SH:  0    Dex: 12    Spells: 14/31 levels left

rFire   . . .      SeeInvis +    v - staff of poison
rCold   . . .      Faith    .    (no shield)
rNeg    . . .      Spirit   .    o - +2 robe {Will+}
rPois   +          Reflect  .    (no helmet)
rElec   .          Rampage  .    d - +0 cloak
rCorr   .                        I - +2 pair of gloves
Will    ++...                    (no barding)
Stlth   ++                       r - amulet of magic regeneration
HPRegen 0.39/turn                c - ring of magical power
MPRegen 0.64/turn                N - +6 ring of intelligence

@: mighty, studying Summonings, very slow
A: AC +4, large, see invisible, deformed body, poison resistance, slowness 2,
spit poison 1, naga tail 1
a: Spit Poison, Renounce Religion, Potion Petition, Call Merchant, Bribe Branch


You were on level 10 of the Dungeon.
You worshipped Gozag.
Gozag was aware of your devotion.
You visited 3 branches of the dungeon, and saw 13 of its levels.

You collected 3326 gold pieces.
You spent 2234 gold pieces at shops.
You paid 939 gold pieces to Gozag.

Inventory:

Hand Weapons
 g - a +0 hand axe
Armour
 d - a +0 cloak (worn)
 j - an orb of wrath
 o - a +2 robe of willpower (worn)
 u - a +0 tower shield
 I - a +2 pair of gloves (worn)
Magical Staves
 v - a staff of poison (weapon)
Jewellery
 c - a ring of magical power (left hand)
 r - an amulet of magic regeneration (around neck)
 y - a +5 ring of evasion
 C - a ring of positive energy
 F - an amulet of the acrobat
 N - a +6 ring of intelligence (right hand)
Wands
 K - a wand of flame (13)
Scrolls
 n - 6 scrolls of vulnerability
 q - a scroll of poison
 s - a scroll of torment
 t - 2 scrolls of fog
 x - 3 scrolls of immolation
 z - a scroll of enchant weapon
 A - 2 scrolls of enchant armour
 G - 2 scrolls of fear
Potions
 b - a potion of magic
 e - 2 potions of brilliance
 h - 2 potions of lignification
 i - 2 potions of cancellation
 k - 3 potions of ambrosia
 l - 4 potions of curing
 D - a potion of haste
 E - 2 potions of might
 J - a potion of resistance {unknown}


   Skills:
 + Level 10.5 Fighting
 + Level 9.1 Dodging
 - Level 3.0 Stealth
 + Level 10.0 Spellcasting
 + Level 0.7 Summonings
 - Level 5.9 Transmutations
 - Level 11.8 Poison Magic


You had 14 spell levels left.
You knew the following spells:

 Your Spells              Type           Power      Damage    Failure   Level
a - Sting                 Tmut/Pois      100%       1d8       1%          1
b - Poisonous Vapours     Pois/Air       100%       N/A       1%          2
c - Olgreb's Toxic Radia  Pois           82%        N/A       1%          4
d - Spider Form           Tmut/Pois      72%        N/A       1%          3
e - Mephitic Cloud        Conj/Pois/Air  48%        N/A       3%          3
f - Ice Form              Ice/Tmut       27%        N/A       14%         4

Your spell library contained the following spells:

 Spells                   Type           Power      Damage    Failure   Level
 Beastly Appendage        Tmut           84%        N/A       1%          1
 Wereblood                Tmut           42%        N/A       1%          2
 Necrotise                Necr           48%        1d6       4%          1
 Static Discharge         Conj/Air       24%        2-3/arc   8%          2
 Sublimation of Blood     Necr           12%        N/A       8%          2
 Gell's Gravitas          Tloc           12%        N/A       14%         3
 Teleport Other           Tloc           12%        N/A       14%         3
 Vampiric Draining        Necr           12%        2d6       14%         3
 Vhi's Electric Charge    Tloc/Air       24%        N/A       14%         3
 Agony                    Necr           12%        N/A       80%         5
 Arcjolt                  Conj/Air       6%         1d16      80%         5
 Lightning Bolt           Conj/Air       6%         1d18      80%         5
 Dispersal                Tloc           6%         N/A       100%        6
 Summon Hydra             Summ           8%         N/A       100%        7


Dungeon Overview and Level Annotations

Branches:
Dungeon (10/15)            Temple (1/1) D:4             Orc (2/2) D:9
    Elf (0/3) Orc:2
   Lair: D:8-11

Altars:
Ashenzari
Cheibriados
Dithmenos
Elyvilon
Fedhas
Gozag
Hepliaklqana
Kikubaaqudgha
Makhleb
Nemelex Xobeh
Okawaru
Qazlal
Ru
Sif Muna
Trog
Uskayaw
Vehumet
Wu Jian
Xom
Yredelemnul
Zin
The Shining One

Shops:
D:3 =   D:9 :   Orc:1 ((:   Orc:2 (=!*

Annotations:
D:4 3 runed translucent doors, svtm's ghost, amateur MiBe
D:5 exclusions: 2 downstairs and upstairs
D:8 1 runed translucent door
Orc:1 2 transporters, Feriw's ghost, journeyman HOMo


Innate Abilities, Weirdness & Mutations

Your serpentine skin is tough. (AC +4)
You have supernaturally acute eyesight. (SInv)
Armour fits poorly on your strangely shaped body.
Your system is resistant to poisons. (rPois)
You cover ground very slowly.
You can spit poison.
You have a snake-like lower body.


Message History

You bump into the rock wall.
The vampire mosquito barely misses you.
The vampire mosquito bites you but does no damage.
The vampire mosquito misses you.
The vampire mosquito bites you but does no damage.
Unknown command.
You closely miss the vampire mosquito.
The vampire mosquito is heavily damaged.
The vampire mosquito bites you but does no damage.
The vampire mosquito bites you.
* * * LOW HITPOINT WARNING * * *
The vampire mosquito draws strength from your injuries!
The vampire mosquito barely misses you. x3; The vampire mosquito misses you.
The vampire mosquito bites you.
* * * LOW HITPOINT WARNING * * *
The vampire mosquito draws strength from your injuries!
The vampire mosquito bites you but does no damage.
You hit the vampire mosquito!
The vampire mosquito is almost destroyed.
You feel less invigorated.
You feel less confused. The vampire mosquito misses you.
The vampire mosquito barely misses you. The vampire mosquito bites you!
* * * LOW HITPOINT WARNING * * *
The vampire mosquito draws strength from your injuries!
The vampire mosquito bites you!
* * * LOW HITPOINT WARNING * * *
The vampire mosquito draws strength from your injuries!
The vampire mosquito bites you but does no damage. x2
You can't see any enemies this would affect, really read the scroll of fear?
Okay, then.
Unknown command.
Okay, then.
You feel better.
The vampire mosquito bites you but does no damage.
The vampire mosquito bites you.
* * * LOW HITPOINT WARNING * * *
The vampire mosquito draws strength from your injuries!
The vampire mosquito barely misses you. x2; The vampire mosquito bites you!
You die...
Your body crumbles into a pile of gold.

........................#,,,,,,,#
.......##########.......#*,,,,,,#
.......#........#........+,,,,,,#
.......#........#....####*,,,,,,#
......##.###'#..+....#,,,,,,,,,,#
......#..#...#.##....#,,,,,,,,,,#
......#..'...#.#y....#,,,,,,,,,,#
......#..#...#.#yy...#,,,,,,,,,,#
......#..#...#.#@y...#,,,,,,,,,##
#####.#..#...#.##....#,,,,,,,,,#.
....#,#..#...#..#....#,,,,,,,,,#.
....#,#..#...#..#....#,,,,,,,,,#.
....#,#..#...#..#....#,,,,,,,,,##
....#,#..#...#..#....#,,,,,,,,,,,
...[#,#..#####..#....############
##..#,#.........#..........).....
,####,#.........#..............##


You could see 4 vampire mosquitoes.

Vanquished Creatures
  4 ogre magi
  13 two-headed ogres
  An orc knight (Orc:2)
  Maggie (D:9)
  2 trolls (Orc:1)
  7 yaks
  A wyvern (D:9)
  2 vampire mosquitoes (D:10)
  A warg (Orc:1)
  A water moccasin (D:7)
  Duvessa (D:7)
  8 orc warriors
  6 black bears
  An ice beast (D:8)
  30 ogres
  7 centaurs
  3 phantoms (D:9)
  3 kobold brigands
  A bullfrog (D:9)
  Blork the orc (D:6)
  5 scorpions
  6 wights
  Dowan (D:7)
  8 howler monkeys
  An electric eel (D:8)
  4 hounds
  A jelly (D:5)
  5 orc priests
  2 gnoll boudas
  Ijyb (D:3)
  Jessica (D:2)
  A sleepcap (D:5)
  2 iguanas (D:5)
  Natasha (thrice) (D:2)
  23 orc wizards
  5 ogre zombies (D:9)
  7 adders
  13 gnolls
  2 shadow imps
  An ufetubus (D:5)
  A worm (D:4)
  2 dart slugs
  55 orcs
  8 ball pythons
  A bat (D:2)
  3 endoplasms
  6 giant cockroaches
  7 goblins
  6 hobgoblins
  4 jackals (D:4)
  15 kobolds
  9 quokkas
  3 frilled lizards
  A goblin skeleton (D:9)
  3 goblin zombies (D:9)
  3 hobgoblin zombies (D:9)
  2 orc skeletons (D:9)
  8 orc zombies (D:9)
  5 rats
328 creatures vanquished.

Vanquished Creatures (collateral kills)
  A troll zombie (D:9)
  2 orc zombies (D:9)
3 creatures vanquished.

Vanquished Creatures (others)
  36 plants (D:8)
36 creatures vanquished.

Grand Total: 367 creatures vanquished

Notes
Turn   | Place    | Note
-------+----------+-------------------------------------------
     0 | D:1      | 112233 the Naga Venom Mage began the quest for the Orb.
     0 | D:1      | Reached XP level 1. HP: 15/15 MP: 3/3
   189 | D:1      | Reached XP level 2. HP: 22/22 MP: 3/5
   381 | D:1      | Reached skill level 5 in Poison Magic
   587 | D:1      | Learned a level 2 spell: Poisonous Vapours
   615 | D:1      | Found a faded altar of an unknown god.
   743 | D:1      | Reached XP level 3. HP: 19/28 MP: 6/6
   979 | D:2      | Learned a level 3 spell: Mephitic Cloud
  1048 | D:2      | Noticed Natasha
  1053 | D:2      | Killed Natasha
  1054 | D:2      | Reached XP level 4. HP: 37/37 MP: 7/7
  1070 | D:2      | Noticed Natasha
  1080 | D:2      | Killed Natasha
  1166 | D:2      | Noticed Natasha
  1172 | D:2      | Killed Natasha
  1173 | D:2      | Reached skill level 1 in Fighting
  1173 | D:2      | Reached skill level 6 in Poison Magic
  1262 | D:2      | Reached XP level 5. HP: 44/44 MP: 9/9
  1473 | D:2      | Noticed Jessica
  1478 | D:2      | Killed Jessica
  1740 | D:2      | Learned a level 3 spell: Spider Form
  2032 | D:3      | Found Ythruege's Jewellery Shoppe.
  2176 | D:3      | Noticed Ijyb
  2184 | D:3      | Killed Ijyb
  2185 | D:3      | Reached XP level 6. HP: 22/52 MP: 10/10
  2560 | D:4      | Found a staircase to the Ecumenical Temple.
  2594 | Temple   | Entered the Ecumenical Temple
  3033 | D:4      | Found a runed translucent gate.
  3034 | D:4      | Found a runed translucent gate.
  3035 | D:4      | Found a runed translucent gate.
  3035 | D:4      | Noticed svtm's ghost (amateur MiBe)
  3167 | D:5      | Entered Level 5 of the Dungeon
  3203 | D:5      | Reached XP level 7. HP: 47/61 MP: 12/12
  3294 | D:4      | Reached skill level 7 in Poison Magic
  3510 | D:4      | Learned a level 4 spell: Olgreb's Toxic Radiance
  3889 | D:4      | Found a radiant altar of Vehumet.
  3892 | D:4      | Found an opulent altar of Gozag.
  3921 | D:4      | Became a worshipper of Gozag Ym Sagoz the Greedy
  4158 | D:5      | Reached XP level 8. HP: 72/72 MP: 14/14
  4280 | D:5      | Reached skill level 8 in Poison Magic
  4878 | D:6      | Reached skill level 5 in Spellcasting
  4908 | D:6      | Reached skill level 5 in Fighting
  4913 | D:6      | Reached skill level 9 in Poison Magic
  4913 | D:6      | Reached XP level 9. HP: 69/81 MP: 9/17
  5781 | D:6      | Noticed Blork the orc
  5790 | D:6      | Killed Blork the orc
  5941 | D:6      | Reached skill level 5 in Dodging
  6238 | D:7      | Noticed Dowan
  6305 | D:7      | Noticed Duvessa
  6311 | D:7      | Killed Duvessa
  6311 | D:7      | Killed Dowan
  6393 | D:7      | Identified the +3 arbalest "Baefan" {heavy, rN+ Will+}
  6453 | D:7      | Reached skill level 10 in Poison Magic
  7015 | D:8      | Identified the +1 great mace "Nefy" {flame, rPois rN+}
  7306 | D:8      | Found a runed translucent door.
  7499 | D:9      | Reached XP level 10. HP: 90/92 MP: 19/19
  8007 | D:9      | Noticed Maggie
  8030 | D:9      | Killed Maggie
  8031 | D:9      | Reached skill level 11 in Poison Magic
  8181 | D:9      | Found a staircase to the Orcish Mines.
 10121 | D:10     | Entered Level 10 of the Dungeon
 10261 | D:10     | Noticed a two-headed ogre
 10276 | D:10     | Killed a two-headed ogre
 10645 | D:3      | Bought a +6 ring of intelligence for 360 gold pieces
 10812 | D:8      | Reached XP level 11. HP: 63/101 MP: 22/22
 10990 | D:9      | Bought Sif Muna's Enchiridion on Evolution for 234 gold
                  | pieces
 10995 | D:9      | Learned a level 4 spell: Ice Form
 11066 | Orc:1    | Entered Level 1 of the Orcish Mines
 11066 | Orc:1    | Found Icsuschy's Antique Weapon Emporium.
 11406 | Orc:1    | Found Varrimuos's Weapon Shop.
 11702 | Orc:1    | Found a transporter.
 11711 | Orc:1    | Found a transporter.
 11711 | Orc:1    | Found a bloodstained altar of Trog.
 11711 | Orc:1    | Noticed a moth of wrath
 11712 | Orc:1    | Noticed an orc warlord
 11713 | Orc:1    | Noticed a moth of wrath
 11714 | Orc:1    | Noticed an orc knight
 11733 | Orc:1    | Noticed an orc knight
 11760 | Orc:1    | Noticed Feriw's ghost (journeyman HOMo)
 11895 | Orc:2    | Entered Level 2 of the Orcish Mines
 12466 | Orc:2    | Noticed an orc knight
 12687 | Orc:2    | Noticed a two-headed ogre
 12689 | Orc:2    | Noticed an ogre mage
 12693 | Orc:2    | Noticed an ogre mage
 12695 | Orc:2    | Noticed a two-headed ogre
 12698 | Orc:2    | Killed a two-headed ogre
 12704 | Orc:2    | Killed an ogre mage
 12705 | Orc:2    | Paralysed by an ogre mage for 4 turns
 12706 | Orc:2    | Killed an ogre mage
 12707 | Orc:2    | Killed a two-headed ogre
 12842 | Orc:2    | Reached skill level 5 in Transmutations
 12858 | Orc:2    | Noticed an ogre mage
 12862 | Orc:2    | Noticed a two-headed ogre
 12865 | Orc:2    | Noticed a two-headed ogre
 12867 | Orc:2    | Noticed a two-headed ogre
 12870 | Orc:1    | Killed an ogre mage
 13203 | Orc:1    | Killed a two-headed ogre
 13252 | Orc:1    | Killed a two-headed ogre
 13326 | Orc:1    | Killed a two-headed ogre
 13327 | Orc:1    | Reached XP level 12. HP: 46/114 MP: 24/24
 14001 | Orc:2    | Noticed a two-headed ogre
 14095 | Orc:1    | Killed a two-headed ogre
 14231 | Orc:2    | Noticed an ogre mage
 14297 | Orc:2    | Noticed a two-headed ogre
 14302 | Orc:2    | Killed an ogre mage
 14310 | Orc:2    | Killed a two-headed ogre
 14362 | Orc:2    | Noticed a two-headed ogre
 14373 | Orc:2    | Noticed a two-headed ogre
 14375 | Orc:2    | Killed a two-headed ogre
 14379 | Orc:2    | Noticed a two-headed ogre
 14389 | Orc:2    | Killed a two-headed ogre
 14390 | Orc:2    | Noticed a two-headed ogre
 14393 | Orc:2    | Killed a two-headed ogre
 14394 | Orc:2    | Reached skill level 10 in Fighting
 14404 | Orc:2    | Killed a two-headed ogre
 14592 | Orc:2    | Noticed a two-headed ogre
 14604 | Orc:2    | Killed a two-headed ogre
 14679 | Orc:2    | Reached skill level 10 in Spellcasting
 14709 | Orc:2    | Found Tetowe's Antique Weapon Shoppe.
 14709 | Orc:2    | Found Xilys's Jewellery Boutique.
 14711 | Orc:2    | Found Loyshale's Distillery.
 14711 | Orc:2    | Found Uhufreh's Assorted Antiques.
 14724 | Orc:2    | Bought a scroll of identify for 72 gold pieces
 14724 | Orc:2    | Bought 2 potions of curing for 216 gold pieces
 14725 | Orc:2    | Bought a potion of heal wounds for 60 gold pieces
 14725 | Orc:2    | Bought 2 potions of lignification for 72 gold pieces
 14725 | Orc:2    | Bought 2 potions of curing for 72 gold pieces
 14725 | Orc:2    | Bought 2 potions of curing for 72 gold pieces
 14725 | Orc:2    | Bought a potion of curing for 36 gold pieces
 14912 | Orc:2    | Found a staircase to the Elven Halls.
 15172 | Orc:1    | Found Doetziq's Book Boutique.
 15295 | D:9      | Bought a manual of Summonings for 1040 gold pieces
 15433 | D:10     | Identified a scroll of acquirement
 15433 | D:10     | Acquired 793 gold pieces
 15622 | D:10     | HP: 3/117 [vampire mosquito (8)]
 15623 | D:10     | Slain by a vampire mosquito

Illustrated notes

Levels and vault maps discovered:
D:1:      grunt_arrival_lava_bath, layout_rooms,
          dreamdust_ecumenical_altar_angels_and_demons, hangedman_decor_growths
D:2:      layout_rooms, uniq_natasha, uniq_jessica
D:3:      layout_rooms, serial_shops, nicolae_shop_statue_plus, uniq_ijyb
D:4:      layout_cave_pools, grunt_temple_overflow_open, temple_doors_cd,
          ebering_ghost_rock_garden
D:5:      layout_cave_pools, minmay_starry_boxes
D:6:      layout_basic, minmay_hedge_maze, uniq_blork_the_orc
D:7:      layout_basic, uniq_duvessa
D:8:      layout_loops_ring, serial_bayou, serial_bayou_pond_e,
          serial_bayou_shore_a, serial_bayou_lake_a, serial_bayou_pond_a,
          serial_shops, shop, ebering_ghost_reflecting_pool,
          minmay_misc_feat_cross, small_statue_intersection
D:9:      layout_basic, zombieorc1_lemuel, minmay_door_square, uniq_maggie
D:10:     layout_irregular_city
Temple:   mainiacjoe_temple_cubbyholes
Orc:1:    layout_diamond_mine, gammafunk_ghost_wrathful_warriors, basic_altar,
          serial_shops, nicolae_shop_bloodbath_and_beyond, shop,
          nicolae_shop_stone
Orc:2:    st_orc_ogre_mass, layout_caves

Skill      XL: |  1  2  3  4  5  6  7  8  9 10 11 12 |
---------------+-------------------------------------+-----
Poison Magic   | 5 6 7 9 10 11 | 11.8
Fighting       | 1 2 3 5 6 7 9 10 | 10.5
Dodging        | 2 3 4 5 6 7 9 |  9.1
Spellcasting   | 3 4 5 6 7 8 10 | 10.0
Transmutations | 5 |  5.9
Stealth        | |  3.0
Summonings     | |  0.7

Action                     |  1- 3 |  4- 6 |  7- 9 | 10-12 || total
---------------------------+-------+-------+-------+-------++-------
  Melee: Unarmed           |     6 |     5 |   155 |   406 ||   572
         Hand axe          |     2 |     1 |       |       ||     3
         Staff             |       |       |    24 |   108 ||   132
         Punch             |       |       |       |     3 ||     3
   Cast: Sting             |    42 |    61 |   130 |   125 ||   358
         Poisonous Vapours |    13 |    71 |   112 |   117 ||   313
         Spider Form       |       |     1 |     6 |    33 ||    40
         Olgreb's Toxic Ra |       |       |    33 |    70 ||   103
         Mephitic Cloud    |       |       |     1 |    16 ||    17
         Ice Form          |       |       |       |     4 ||     4
 Invoke: Call Merchant     |       |       |       |     1 ||     1
         Potion Petition   |       |       |       |     1 ||     1
Ability: Spit Poison       |     4 |       |       |       ||     4
    Use: Potion            |       |     1 |     9 |    11 ||    21
         Scroll            |       |       |     3 |    17 ||    20
   Stab: Sleeping          |       |       |     1 |     4 ||     5
 Armour: Robe              |     6 |    11 |    46 |    60 ||   123
         Skin              |       |     3 |     1 |   156 ||   160
  Dodge: Dodged            |    15 |    19 |   255 |   667 ||   956

Table legend: (Time is in decaauts)
 A = Elapsed time spent in this place.
 B = Non-inter-level travel time spent in this place.
 C = Inter-level travel time spent in this place.
 D = Time resting spent in this place.
 E = Time spent auto-exploring this place.
 F = Levels seen in this place.
 G = Mean time per level.
                   A        B        C        D        E       F      G
               +--------+--------+--------+--------+--------+-----+--------+
         Total |  17925 |  16881 |   1044 |   4267 |   9440 |  13 | 1378.8 |
       Dungeon |  13542 |  12763 |    779 |   2951 |   7274 |  10 | 1354.2 |
        Temple |    484 |    397 |     87 |      0 |    395 |   1 |  484.0 |
  Orcish Mines |   3898 |   3721 |    177 |   1316 |   1771 |   2 | 1949.0 |
               +--------+--------+--------+--------+--------+-----+--------+

Top non-repeatable levels by time:
     D:9: 3989 daAuts
   Orc:1: 2708 daAuts
     D:5: 1585 daAuts
     D:4: 1323 daAuts
   Orc:2: 1190 daAuts
     D:2: 1167 daAuts
     D:7: 1157 daAuts
     D:1: 964 daAuts
     D:6: 930 daAuts
     D:3: 909 daAuts
     D:8: 758 daAuts
    D:10: 757 daAuts
  Temple: 484 daAuts
